 Dungeon Crawl Stone Soup version 0.27.1-2-g3b301248ec (webtiles) character file.

Game seed: 74058271071137662

430 bnorton916 the Magician (level 6, -1/32 HPs)
             Began as a Deep Elf Conjurer on Oct 4, 2021.
             Slain by a hornet zombie (10 damage)
             ... on level 4 of the Dungeon.
             The game lasted 00:04:20 (4003 turns).

bnorton916 the Magician (Deep Elf Conjurer)         Turns: 4003, Time: 00:04:21

Health: -1/32      AC:  4    Str:  4    XL:     6   Next: 66%
Magic:  9/18       EV: 12    Int: 31    God:
Gold:   136        SH:  0    Dex: 13    Spells: 8/19 levels left

rFire    . . .     SeeInvis .   r - +1 dagger (venom)
rCold    . . .     Faith    .   (no shield)
rNeg     . . .     Spirit   .   a - +0 robe
rPois    .         Reflect  .   c - +0 helmet
rElec    .         Harm     .   t - +0 cloak
rCorr    .         Rampage  .   (no gloves)
Will     .....                  (no boots)
Stlth    ++........             (no amulet)
HPRegen  0.10/turn              k - +6 ring of intelligence
MPRegen  0.16/turn              (no ring)

@: no status effects
A: no striking features
a: no special abilities


You were on level 4 of the Dungeon.
You visited 1 branch of the dungeon, and saw 4 of its levels.

You collected 136 gold pieces.

Inventory:

Hand Weapons
 b - a +0 vampiric short sword
 r - a +1 dagger of venom (weapon)
Armour
 a - a +0 robe (worn)
 c - a +0 helmet (worn)
 t - a +0 cloak (worn)
Magical Staves
 v - a staff of air
Jewellery
 k - a +6 ring of intelligence (left hand)
Wands
 s - a wand of polymorph (6)
Scrolls
 d - a scroll of noise {unknown}
 f - 3 scrolls of teleportation
 h - a scroll of fog {unknown}
 l - a scroll of immolation {unknown}
 o - 2 scrolls of silence {unknown}
 q - a scroll of identify {unknown}
 u - a scroll of amnesia {unknown}
 w - a scroll of acquirement {unknown}
Potions
 e - 2 potions of ambrosia {unknown}
 g - a potion of attraction {unknown}
 i - a potion of lignification {unknown}
 j - 2 potions of berserk rage {unknown}
 m - 3 potions of heal wounds {unknown}
 n - 3 potions of brilliance {unknown}
 p - 2 potions of magic {unknown}


   Skills:
 - Level 2.4 Dodging
 - Level 2.4 Stealth
 + Level 7.1 Spellcasting
 + Level 7.0 Conjurations


You had 8 spell levels left.
You knew the following spells:

 Your Spells              Type           Power      Damage    Failure   Level
a - Magic Dart            Conj           100%       1d8       1%          1
b - Searing Ray           Conj           100%       3d7       1%          2
c - Fulminant Prism       Conj/Hex       16%        3d11      11%         4
d - Iskenderun's Mystic   Conj/Tloc      32%        2d8       11%         4

Your spell library contained the following spells:

 Spells                   Type           Power      Damage    Failure   Level
 Dazzling Flash           Conj/Hex       64%        N/A       3%          3
 Blink                    Tloc           N/A        N/A       7%          2
 Lesser Beckoning         Tloc           5%         N/A       13%         3
 Manifold Assault         Tloc           11%        N/A       77%         5


Dungeon Overview and Level Annotations

Branches:
Dungeon (4/15)
 Temple: D:4-7

Altars:
Uskayaw


Message History

Aiming: Magic Dart (safe; 1% risk of failure)
Press: ? - help, Shift-Dir - straight line, f - hornet zombie
Aim: a hornet zombie (100% to hit)
The magic dart hits the hornet zombie but does no damage.
Casting: Magic Dart (safe; 1% risk of failure)
Confirm with . or Enter, or press ? or * to list all spells.
Aiming: Searing Ray (safe; 1% risk of failure)
Press: ? - help, Shift-Dir - straight line, f/p - hornet zombie
Aim: a hornet zombie (85% to hit)
The searing ray hits the hornet zombie!
The hornet zombie is lightly damaged. (Press . to maintain the ray.) Unknown command.
The searing ray misses the hornet zombie.
The searing ray hits the hornet zombie!
The hornet zombie is heavily damaged.
The hornet zombie hits you!
The searing ray hits the hornet zombie.
The hornet zombie is heavily damaged.
You finish channeling your searing ray.
The hornet zombie closely misses you. The hornet zombie barely misses you.
Unknown command.
Casting: Searing Ray (safe; 1% risk of failure)
Confirm with . or Enter, or press ? or * to list all spells.
Aiming: Searing Ray (safe; 1% risk of failure)
Press: ? - help, Shift-Dir - straight line, f/p - hornet zombie
Aim: a hornet zombie (heavily damaged, 85% to hit)
The searing ray hits the hornet zombie.
The hornet zombie is severely damaged. (Press . to maintain the ray.)
The hornet zombie hits you! The hornet zombie closely misses you.
The searing ray hits the hornet zombie!
The hornet zombie is almost destroyed.
The hornet zombie hits you.
* * * LOW HITPOINT WARNING * * *
Unknown command.
The searing ray hits the hornet zombie.
The hornet zombie is almost destroyed.
The hornet zombie hits you!
You die...

.. #. # #. .# #.
..# #.###.# .
..#..# ###.
..######Z..# ...
#.......@..## #.#
#######.....#
#..## ####.##...#
## #..## #<.†.#
#..#
.####..#####.####
#...
(............#
.##.
########...### #
#......#
....#.......


You could see a hornet zombie.

Vanquished Creatures
  Sigmund (D:3)
  A centaur zombie (D:3)
  A jelly (D:4)
  A gnoll shaman (D:4)
  Crazy Yiuf (D:2)
  Jessica (D:3)
  A hound skeleton (D:2)
  2 adders
  2 gnolls (D:4)
  A worm (D:3)
  4 orcs (D:3)
  7 endoplasms
  2 giant cockroaches
  3 goblins
  7 hobgoblins
  6 jackals (D:1)
  5 kobolds
  3 quokkas
  8 ball pythons
  4 bats
  A frilled lizard (D:3)
  6 rats
68 creatures vanquished.

Notes
Turn   | Place    | Note
-------+----------+-------------------------------------------
     0 | D:1      | bnorton916 the Deep Elf Conjurer began the quest for the
                  | Orb.
     0 | D:1      | Reached XP level 1. HP: 10/10 MP: 6/6
   193 | D:1      | Found a faded altar of an unknown god.
   281 | D:1      | Reached XP level 2. HP: 15/15 MP: 6/8
  1185 | D:2      | Reached skill level 5 in Conjurations
  1185 | D:2      | Reached XP level 3. HP: 18/19 MP: 4/10
  1686 | D:2      | Found a runed translucent door.
  1687 | D:2      | Noticed Crazy Yiuf
  2242 | D:1      | Learned a level 2 spell: Searing Ray
  2261 | D:2      | Killed Crazy Yiuf
  2262 | D:2      | Reached XP level 4. HP: 24/24 MP: 7/12
  2371 | D:3      | Reached skill level 5 in Spellcasting
  2656 | D:3      | Noticed Sigmund
  2656 | D:3      | Noticed Jessica
  2683 | D:3      | Killed Sigmund
  2684 | D:3      | Reached XP level 5. HP: 28/28 MP: 8/15
  2684 | D:3      | Killed Jessica
  2685 | D:3      | Reached XP level 6. HP: 32/32 MP: 6/17
  2690 | D:3      | Learned a level 4 spell: Fulminant Prism
  2695 | D:3      | Learned a level 4 spell: Iskenderun's Mystic Blast
  3091 | D:3      | Found a hide-covered altar of Uskayaw.
  4003 | D:4      | Slain by a hornet zombie

Illustrated notes

Levels and vault maps discovered:
D:1:      amcnicky_arrival_underground_garden, layout_basic,
          dreamdust_ecumenical_altar_angels_and_demons, st_stairs_10,
          minmay_pentomino_u2
D:2:      layout_loops_ring, dk_vineyard_1, uniq_crazy_yiuf_cottage
D:3:      layout_loops_ring, nicolae_uskayaw_dance_hall, uniq_sigmund,
          uniq_jessica
D:4:      layout_rooms, minmay_temple_entry_overgrown, uniq_ijyb, uniq_natasha,
          uniq_robin

Skill      XL: |  1  2  3  4  5  6 |
---------------+-------------------+-----
Spellcasting   | 4 6 7 |  7.1
Conjurations   | 5 6 7 |  7.0
Dodging        | |  2.4
Stealth        | |  2.4

Action                   |  1- 3 |  4- 6 || total
-------------------------+-------+-------++-------
 Cast: Magic Dart        |    68 |    58 ||   126
       Searing Ray       |     1 |    10 ||    11
  Use: Scroll            |       |     1 ||     1
Armor: Robe              |     1 |     1 ||     2
       Skin              |     1 |       ||     1
Dodge: Dodged            |     4 |     7 ||    11
